Map: [ESL] Hard Lead

Players

ShoWTimE - Winner!

  • Race: Protoss Protoss
  • League: Master
  • Spawn Location: 11:00

SKillous

  • Race: Protoss Protoss
  • League: Grandmaster
  • Spawn Location: 5:00

Event: HomeStory Cup XXIV

VOD

Have the link to the VOD?

Description

Time

  • Played on: Dec. 2, 2023, 9:07 a.m.
  • Length: 4:37

All games in this series

Show
View Real Time Build Order
Export as new Build Order

ShoWTimE Protoss - Winner!

Build Orders: Oracle Opening, Phoenix Opening 

Get SALT Encoding   

  12  0:00  Probe  
  13  0:12  Probe  
  14  0:16  Pylon  
  14  0:24  Probe (Chrono Boost)  
  15  0:36  Gateway, Probe (Chrono Boost)  
  16  0:44  Probe (Chrono Boost)  
  16  0:45  Assimilator  
  17  0:51  Probe  
  17  0:54  Assimilator  
  18  1:03  Probe (Chrono Boost)  
  19  1:08  Gateway  
  19  1:13  Probe (Chrono Boost)  
  19  1:18  Probe (Chrono Boost)  
  20  1:23  Cybernetics Core  
  21  1:29  Probe  
  22  1:33  Pylon  
  22  1:41  Probe  
  23  1:53  Probe  
  24  1:59  Stalker  
  24  2:00  Warp Gate  
  26  2:08  Sentry  
  26  2:15  Pylon  
  28  2:28  Oracle  
  28  2:34  Stargate  
  28  2:38  Stalker  
  29  2:53  Probe  
  29  2:55  Nexus  
  30  3:00  Shield Battery  
  30  3:05  Probe  
  31  3:15  Oracle (Chrono Boost)  
  31  3:17  Probe  
  35  3:27  Pylon  
  35  3:29  Probe  
  36  3:41  Probe  
  37  3:42  Phoenix (Chrono Boost)  
  37  3:46  Twilight Council  
  39  3:53  Probe  
  40  3:56  Stalker  
  42  4:05  Probe  
  42  4:08  Probe  
  43  4:15  Stalker  
  45  4:17  Probe  
  45  4:20  Probe  
Show
View Real Time Build Order
Export as new Build Order

SKillous Protoss 

Build Orders: Oracle Opening 

Get SALT Encoding   

  12  0:00  Probe  
  13  0:12  Probe  
  14  0:17  Pylon  
  14  0:24  Probe (Chrono Boost)  
  15  0:36  Probe (Chrono Boost)  
  15  0:37  Gateway  
  16  0:44  Probe (Chrono Boost)  
  16  0:45  Assimilator  
  17  0:50  Probe  
  17  0:54  Assimilator  
  18  1:03  Probe (Chrono Boost)  
  19  1:10  Gateway  
  20  1:12  Probe (Chrono Boost)  
  20  1:17  Probe (Chrono Boost)  
  20  1:24  Cybernetics Core  
  21  1:29  Probe  
  22  1:34  Pylon  
  22  1:41  Probe  
  23  1:53  Probe  
  24  2:01  Stalker x2  
  24  2:02  Warp Gate  
  28  2:13  Pylon  
  28  2:20  Stargate  
  28  2:25  Shield Battery  
  28  2:44  Stalker, Probe  
  31  2:56  Probe  
  31  2:59  Shield Battery  
  31  3:00  Pylon, Oracle (Chrono Boost)  
  34  3:08  Probe  
  35  3:20  Probe  
  36  3:28  Nexus  
  36  3:32  Probe  
  36  3:33  Oracle  
  40  3:43  Twilight Council  
  40  3:45  Probe  
  41  3:56  Gateway  
  41  3:57  Probe  
  42  4:10  Probe  
  41  4:17  Stalker  
  41  4:18  Stalker  
  41  4:22  Probe  
Tags
 
Add a new tag
Caveats
  • Supply blocks, unpowered buildings, or Contaminate may cause inaccurate times.
  • Supply counts are checked every 10 seconds.